AoeStats
← kqlymon

Enclosed

503987356Analyzed
1v1 RM · 28d ago on Sep 3, 2026· 50m 56s· 2 players
Game mode
Random Map
Map size
Tiny (2 player)
Population
200
Speed
Normal
Resources
Standard
Victory
Conquest
Starting age
Dark Age
Ending age
Imperial Age
RankedLock teamsTeams togetherTeam positionsShared explorationLock speedFull tech treeHidden civsTurbo modeCheats
Victory
Defeat
🇸🇬 Spanish · Singapore
1058
+17
🇩🇪 Burmese · Germany
1076
-17
kqlymon
9:53 Loom
11:39 Feudal Age
16:28 Castle Age
14:51 Horse Collar
15:30 Double-Bit Axe
16:48 Light Cavalry
19:34 Scale Barding Armor
20:08 Husbandry
20:22 Bloodlines
21:46 Bow Saw
21:33 Town Watch
23:30 Wheelbarrow
23:28 Heavy Plow
30:33 Padded Archer Armor
31:51 Fletching
32:25 Hand Cart
34:40 Gold Mining
34:40 Stone Mining
38:15 Imperial Age
36:57 Bodkin Arrow
41:21 Chemistry
42:37 Conscription
41:38 Elite Conquistador
42:41 Leather Archer Armor
42:29 Bracer
43:35 Stone Shaft Mining
45:00 Ballistics
46:35 Husbandry
47:29 Hoardings
47:11 Masonry
46:57 Murder Holes
47:36 Ring Archer Armor
rohgueRLP
3:26 Loom
10:09 Feudal Age
10:32 Man-at-Arms
14:03 Arson
15:04 Forging
14:56 Scale Mail Armor
17:23 Fletching
22:17 Castle Age
24:01 Wheelbarrow
23:09 Horse Collar
23:21 Gold Mining
25:25 Elite Skirmisher
27:07 Bloodlines
27:00 Husbandry
27:42 Pikeman
31:24 Scale Barding Armor
31:55 Bodkin Arrow
35:15 Padded Archer Armor
42:09 Imperial Age
39:42 Heavy Plow
44:46 Chemistry
44:07 Ballistics
44:30 Gold Shaft Mining
46:56 Bracer
Connection lost

Rejoining the realm…

Still unreachable

The connection could not be restored.

Session expired

The server has moved on; the page needs a fresh start.